 Dungeon Crawl Stone Soup version 0.31-a0-154-g56bf346678 (webtiles) character file.

Game seed: 13139643276763068263

2741 porpoise the Carver (level 9, -1/72 HPs)
             Began as a Merfolk Gladiator on June 12, 2023.
             Was a Believer of Uskayaw.
             Slain by a white ugly thing (11 damage)
             ... on level 7 of the Dungeon.
             The game lasted 00:20:21 (5590 turns).

porpoise the Carver (Merfolk Gladiator)             Turns: 5590, Time: 00:20:22

Health: -1/72      AC: 12    Str: 14    XL:     9   Next: 68%
Magic:  9/9        EV: 14    Int:  7    God:    Uskayaw [**....]
Gold:   182        SH:  0    Dex: 20    Spells: 8/8 levels left

rFire   . . .        a - +0 long sword (vamp)
rCold   . . .        (no shield)
rNeg    + . .        D - +0 ring mail of the Ecumenical Temple {rN+}
rPois   .            c - +1 helmet
rElec   .            (no cloak)
rCorr   .            m - +0 pair of gloves
SInv    .            (no boots)
Will    .....        (no amulet)
Stlth   +            w - +4 ring of protection
HPRegen 0.32/turn    (no ring)
MPRegen 0.11/turn

%: no passive effects
@: no status effects
A: (nimble swimmer 2), mertail
a: Renounce Religion, Stomp, Line Pass


You were on level 7 of the Dungeon.
You worshipped Uskayaw.
Uskayaw was noncommittal.
You visited 1 branch of the dungeon, and saw 7 of its levels.

You collected 282 gold pieces.
You spent 100 gold pieces at shops.

Inventory:

Hand Weapons
 a - a +0 vampiric long sword (weapon)
 b - a +0 sling
Missiles
 d - 2 throwing nets (quivered)
 e - a javelin
 p - 2 poisoned darts
 E - 5 atropa-tipped darts
 G - a boomerang of dispersal
Armour
 c - a +1 helmet (worn)
 m - a +0 pair of gloves (worn)
 D - the +0 ring mail of the Ecumenical Temple (worn) {rN+}
   (You found it on level 5 of the Dungeon)

   rN:        It protects you from negative energy.
Jewellery
 j - a +6 ring of intelligence
 w - a +4 ring of protection (left hand)
Wands
 y - a wand of polymorph (10)
 F - a wand of mindburst (8)
Scrolls
 f - a scroll of silence {unknown}
 g - a scroll of magic mapping {unknown}
 h - a scroll of noise
 n - a scroll of immolation
 o - a scroll of vulnerability {unknown}
 q - 4 scrolls of teleportation
 r - 5 scrolls of enchant armour
 s - a scroll of fog {unknown}
 x - a scroll of poison
Potions
 i - a potion of attraction
 k - 3 potions of heal wounds
 l - 2 potions of invisibility
 t - 2 potions of brilliance {unknown}
 u - a potion of mutation {unknown}
 v - a potion of berserk rage {unknown}
 z - 3 potions of resistance
 A - 2 potions of magic {unknown}
 B - a potion of lignification
 C - 2 potions of might
 H - a potion of haste {unknown}
 I - a potion of ambrosia {unknown}


   Skills:
 - Level 7.0 Fighting
 * Level 13.0 Long Blades
 - Level 2.0 Throwing
 + Level 6.9 Dodging


You had 8 spell levels left.
You didn't know any spells.
Your spell library contained the following spells:

 Spells                   Type           Power      Damage    Failure   Level
 Magic Dart               Conj           0%         1d3       67%         1
 Scorch                   Fire           0%         2d5       82%         2
 Searing Ray              Conj           0%         2d4       82%         2
 Gell's Gravitas          Tloc           0%         N/A       96%         3
 Summon Guardian Golem    Hex/Summ       0%         N/A       96%         3
 Teleport Other           Tloc           0%         N/A       96%         3
 Flame Wave               Conj/Fire      0%         2d4       100%        4
 Fulminant Prism          Conj/Hex       0%         3d5       100%        4
 Dispersal                Tloc           0%         N/A       100%        6
 Summon Cactus Giant      Summ           0%         N/A       100%        6
 Orb of Destruction       Conj           0%         9d5       100%        7
 Spellforged Servitor     Conj/Summ      0%         N/A       100%        7


Dungeon Overview and Level Annotations

Branches:
Dungeon (7/15)             Temple (0/1) D:4

Altars:
Fedhas
Gozag
Hepliaklqana
Kikubaaqudgha
Nemelex Xobeh
Okawaru
Ru
Trog
Uskayaw
Wu Jian

Shops:
D:2 !


Innate Abilities, Weirdness & Mutations

((You are very nimble when in or above water. (Stealth+, EV+, Speed+++)))
Your lower body shifts to a powerful aquatic tail in water.


Message History

a +1 whip of electrocution; a +1 robe of cold resistance
Found a leather armour.
You pick up a book of Conjurations and begin reading...
You add the spells Magic Dart, Searing Ray and Fulminant Prism to your library.
A white ugly thing comes into view.
Found a stone.
The white ugly thing gurgles horribly!
You hit the white ugly thing but do no damage.
You slash the white ugly thing!
The white ugly thing is lightly wounded.
The white ugly thing completely misses you.
You barely miss the white ugly thing.
The white ugly thing is lightly wounded.
The white ugly thing headbutts you. The white ugly thing freezes you!!
You are too injured to fight recklessly!
You barely miss the white ugly thing.
The white ugly thing is lightly wounded.
The white ugly thing completely misses you.
You slash the white ugly thing!
The white ugly thing is moderately wounded.
You slash the white ugly thing!
The white ugly thing is heavily wounded.
The white ugly thing headbutts you. The white ugly thing freezes you!!
* * * LOW HITPOINT WARNING * * *
You can now pass through a line of other dancers.
You closely miss the white ugly thing.
The white ugly thing is heavily wounded.
The white ugly thing misses you.
You hit the white ugly thing.
The white ugly thing is heavily wounded.
The white ugly thing headbutts you but does no damage.
You barely miss the white ugly thing.
The white ugly thing is heavily wounded.
You barely miss the white ugly thing.
The white ugly thing is heavily wounded.
The white ugly thing headbutts you but does no damage.
You hit the white ugly thing but do no damage.
The white ugly thing is heavily wounded.
The white ugly thing headbutts you!
You die...

##### #########
....####.......# #
...............# ..
...............######...
..........##.........(..
.........[##............
..........'.....@u......
..........#.............
..........#.............
.................?......
.....................##.
###..................#
###.#.....#.####......#
...>........ '.......
...###.##+#. ......


You could see a white ugly thing.

Vanquished Creatures
  A two-headed ogre (D:7)
  Pikel (D:7)
  Sigmund (D:4)
  2 steam dragons (D:6)
  An ice beast (D:7)
  A sky beast (D:6)
  A centaur (D:6)
  2 ogres
  A phantom (D:5)
  3 lemures (D:7)
  6 scorpions
  2 hounds
  3 orc priests
  2 iguanas
  2 orc wizards (D:6)
  4 gnolls
  7 adders
  An ufetubus (D:5)
  A worm (D:4)
  8 dart slugs
  9 orcs
  9 ball pythons
  5 bats
  7 endoplasms
  2 giant cockroaches
  9 hobgoblins
  6 jackals
  5 quokkas
  6 frilled lizards
  3 goblins
  4 kobolds
  6 rats
121 creatures vanquished.

Vanquished Creatures (others)
  A human (D:5)
1 creature vanquished.

Grand Total: 122 creatures vanquished

Notes
Turn   | Place    | Note
-------+----------+-------------------------------------------
     0 | D:1      | porpoise the Merfolk Gladiator began the quest for the Orb.
     0 | D:1      | Reached XP level 1. HP: 16/16 MP: 1/1
    66 | D:1      | Reached skill level 4 in Long Blades
    71 | D:1      | Reached XP level 2. HP: 23/23 MP: 2/2
   224 | D:1      | Reached XP level 3. HP: 28/28 MP: 3/3
   715 | D:2      | Found Wul Kukk's Distillery.
   731 | D:2      | Reached skill level 5 in Long Blades
   794 | D:2      | Reached XP level 4. HP: 35/35 MP: 4/4
   832 | D:2      | Found a sacrificial altar of Ru.
  1437 | D:3      | Found a hide-covered altar of Uskayaw.
  1451 | D:3      | Became a worshipper of Uskayaw the Reveller
  1515 | D:3      | Reached * piety under Uskayaw
  1525 | D:3      | Reached ** piety under Uskayaw
  1533 | D:3      | Reached *** piety under Uskayaw
  1536 | D:3      | Reached **** piety under Uskayaw
  1810 | D:3      | Found a bloodstained altar of Trog.
  1810 | D:3      | Found an iron altar of Okawaru.
  1816 | D:3      | Reached XP level 5. HP: 41/41 MP: 5/5
  2032 | D:4      | Reached skill level 6 in Long Blades
  2416 | D:4      | Found a staircase to the Ecumenical Temple.
  2476 | D:4      | Reached XP level 6. HP: 48/48 MP: 6/6
  2587 | D:4      | Noticed Sigmund
  2602 | D:4      | Killed Sigmund
  2603 | D:4      | Reached skill level 7 in Long Blades
  2741 | D:4      | Reached XP level 7. HP: 38/55 MP: 7/7
  2905 | D:4      | Found a blossoming altar of Fedhas.
  3038 | D:5      | Entered Level 5 of the Dungeon
  3049 | D:5      | Reached skill level 5 in Fighting
  3061 | D:4      | Reached skill level 8 in Long Blades
  3183 | D:2      | Bought a potion of lignification for 30 gold pieces
  3183 | D:2      | Bought 2 potions of degeneration for 20 gold pieces
  3183 | D:2      | Bought a potion of heal wounds for 50 gold pieces
  3263 | D:5      | Reached ***** piety under Uskayaw
  3346 | D:5      | Reached skill level 9 in Long Blades
  3360 | D:5      | Identified the +0 ring mail of the Ecumenical Temple {rN+}
  3411 | D:5      | Found an opulent altar of Gozag.
  3533 | D:5      | Found an ancient bone altar of Kikubaaqudgha.
  3534 | D:5      | Noticed a human
  3545 | D:5      | Killed a human
  3752 | D:6      | Noticed a steam dragon
  3882 | D:6      | Killed a steam dragon
  3883 | D:6      | Reached XP level 8. HP: 50/64 MP: 8/8
  4244 | D:6      | Reached skill level 10 in Long Blades
  4324 | D:6      | Found a sparkling altar of Nemelex Xobeh.
  4401 | D:6      | Found an ornate altar of the Wu Jian Council.
  4651 | D:6      | Found a faded altar of an unknown god.
  4651 | D:6      | Found a hazy altar of Hepliaklqana.
  4653 | D:6      | Found a faded altar of an unknown god.
  4689 | D:6      | Reached skill level 11 in Long Blades
  5000 | D:6      | Reached XP level 9. HP: 53/72 MP: 9/9
  5383 | D:7      | Noticed a two-headed ogre
  5390 | D:7      | Killed a two-headed ogre
  5391 | D:7      | Reached skill level 12 in Long Blades
  5516 | D:7      | Noticed Pikel
  5545 | D:7      | Killed Pikel
  5546 | D:7      | Reached skill level 13 in Long Blades
  5577 | D:7      | Noticed a white ugly thing
  5590 | D:7      | Slain by a white ugly thing

Illustrated notes

Levels and vault maps discovered:
D:1:      zaba_arrival_water, layout_rooms, grunt_decor_mini_mirrors
D:2:      layout_loops_ring, basic_altar, serial_shops,
          nicolae_shop_rolling_square, hangedman_decor_opposing,
          nicolae_concentric_dashed_squares_mild
D:3:      layout_basic, nicolae_uskayaw_murder_on_the_dancefloor,
          grunt_temple_overflow_bloody_war, minmay_bisected
D:4:      layout_basic, fedhas_altar_decomposition, minmay_temple_entry_trees,
          uniq_sigmund
D:5:      layout_rooms, mainiacjoe_overflow_six_doors_small, tgw_kikubaaqudgha
D:6:      layout_layer_cave, nicolae_hepliaklqana_ecumenical_no_more,
          nicolae_wu_jian_immortal_techniques, lemuel_coloured_pillars_altar
D:7:      layout_basic, mainiacjoe_overflow_concentric_impassable,
          mainiacjoe_overflow_two_lobes, serial_shops, kennysheep_mini_moat,
          uniq_pikel

Skill      XL: |  1  2  3  4  5  6  7  8  9 |
---------------+----------------------------+-----
Long Blades    | 4 5 6 7 9 11 13 | 13.0
Fighting       | 3 4 6 7 |  7.0
Dodging        | 6 |  6.9
Throwing       | |  2.0

Action                     |  1- 3 |  4- 6 |  7- 9 || total
---------------------------+-------+-------+-------++-------
  Melee: Long sword        |    56 |    82 |   182 ||   320
         Punch             |       |     3 |       ||     3
   Fire: Sling             |    70 |    66 |    42 ||   178
  Throw: Dart              |       |       |     2 ||     2
         Throwing net      |       |       |     1 ||     1
 Invoke: Line Pass         |       |       |     1 ||     1
    Use: Potion            |     1 |       |       ||     1
         Scroll            |       |     5 |     4 ||     9
   Stab: Paralysed         |       |     1 |    10 ||    11
         Held in net/web   |       |       |     1 ||     1
 Armour: Leather armour    |    26 |    22 |    34 ||    82
         Ring mail         |       |       |    62 ||    62
  Dodge: Dodged            |    67 |    67 |   117 ||   251

Table legend: (Time is in decaauts)
 A = Elapsed time spent in this place.
 B = Non-inter-level travel time spent in this place.
 C = Inter-level travel time spent in this place.
 D = Time resting spent in this place.
 E = Time spent auto-exploring this place.
 F = Levels seen in this place.
 G = Mean time per level.
                   A        B        C        D        E       F      G
               +--------+--------+--------+--------+--------+-----+--------+
         Total |   5623 |   5353 |    270 |   1493 |   2825 |   7 |  803.3 |
       Dungeon |   5623 |   5353 |    270 |   1493 |   2825 |   7 |  803.3 |
               +--------+--------+--------+--------+--------+-----+--------+

Top non-repeatable levels by time:
     D:6: 1518 daAuts
     D:4: 1194 daAuts
     D:2: 803 daAuts
     D:1: 645 daAuts
     D:3: 624 daAuts
     D:5: 609 daAuts
     D:7: 227 daAuts
